 Dungeon Crawl Stone Soup version 0.15.2 (webtiles) character file.

7508 Trogdor the Fighter (level 10, -8/86 HPs)
             Began as a Mummy Monk on Sept 23, 2019.
             Killed from afar by Erolcha (36 damage)
             ... with a fireball
             ... on Level 9 of the Dungeon.
             The game lasted 01:23:46 (21121 turns).

Trogdor the Fighter (Mummy Monk)                   Turns: 21121, Time: 01:23:46

HP  -8/86        AC  9     Str 14      XL: 10   Next: 95%
MP  10/10        EV 16     Int  9      God:
Gold 368         SH  0     Dex 17      Spells:  0 memorised,  9 levels left

rFire  x . .     SeeInvis .       - Unarmed
rCold  + . .     Clarity  .     (no armour)
rNeg   + + +     rCorr    .     (no shield)
rPois  +         rRot     +     c - +2 helmet
rElec  .         Spirit   .     (no cloak)
SustAb .         Warding  .     i - +2 pair of gloves
rMut   .         Stasis   .     f - +2 pair of boots
Gourm  .                        (no amulet)
MR     ++...                    p - ring of protection from magic
                                q - ring of stealth

@: very resistant to hostile enchantments, stealthy
A: no food or potions, fire vulnerability, restore body, cold resistance 1,
negative energy resistance 3, poison resistance, torment resistance, unbreathing
a: no special abilities


You were on level 9 of the Dungeon.
You were not hungry.

You visited 1 branch of the dungeon, and saw 10 of its levels.

You collected 368 gold pieces.

Inventory:

Armour
 c - a +2 helmet (worn)
 f - a +2 pair of boots (worn)
 i - a +2 pair of gloves (worn)
Magical devices
 d - a wand of frost (14) (quivered)
 t - a wand of confusion (6) {unknown}
 v - a wand of magic darts (11)
 w - a wand of disintegration (6)
 y - a wand of magic darts (11)
Scrolls
 a - a scroll of magic mapping
 b - a scroll of immolation
 g - a scroll of noise {unknown}
 k - 4 scrolls of remove curse
 n - 2 scrolls of blinking {unknown}
 o - a scroll of amnesia {unknown}
 u - a scroll of enchant weapon {unknown}
 z - a scroll of vulnerability {unknown}
Jewellery
 j - an uncursed ring of magical power
 l - an uncursed ring of ice
 p - a ring of protection from magic (right hand)
 q - a ring of stealth (left hand)
 r - an uncursed ring of wizardry
 s - an uncursed amulet of stasis {unknown}
 x - a +4 ring of strength {unknown}
Books
 h - a book of Alchemy

   Spells                             Type                      Level
   Sublimation of Blood               Necromancy                   2
   Alistair's Intoxication            Transmutation/Poison         4
   Condensation Shield                Ice                          4
   Petrify                            Transmutation/Earth          4
   Ignite Poison                      Fire/Transmutation           5
 m - a book of Death

   Spells                             Type                      Level
   Corpse Rot                         Necromancy                   2
   Sublimation of Blood               Necromancy                   2
   Agony                              Necromancy                   5
   Dispel Undead                      Necromancy                   5
   Excruciating Wounds                Charms/Necromancy            5
   Bolt of Draining                   Conjuration/Necromancy       5


   Skills:
 * Level 10.8 Fighting
 * Level 4.6 Armour
 + Level 6.5 Dodging
 - Level 4.2 Stealth
 + Level 8.0 Unarmed Combat


You had 9 spell levels left.
You didn't know any spells.

Dungeon Overview and Level Annotations

Branches:
Dungeon (10/15)            Temple (0/1) D:6            Lair (0/8) D:9
    Orc: D:9-12

Altars:
Okawaru
Xom

Shops:
D:6 %

Annotations:
D:2 Crazy Yiuf
D:4 Sigmund
D:9 Erolcha


Innate Abilities, Weirdness & Mutations

You do not eat or drink.
Your flesh is vulnerable to fire.
Your flesh is cold resistant.
You are immune to negative energy.
Your system is resistant to poisons.
You are immune to unholy pain and torment.
You can survive without breathing.


Message History

Erolcha shouts!
Erolcha moves out of view.
Erolcha points at you and mumbles some strange words.
The puff of flame hits you! The fire burns you terribly!
Read which item? (? for menu, Esc to quit)
Okay, then.
Erolcha gestures at you while chanting. The puff of flame hits you!
The fire burns you terribly!
Read which item? (? for menu, Esc to quit)
As you read the scroll of fog, it crumbles to dust.
The scroll dissolves into smoke.
Erolcha gestures at you while chanting. The puff of flame hits you!
Erolcha points at you and mumbles some strange words.
The fireball explodes!
The fireball engulfs you! The fire burns you terribly!
Things that are here:
a falchion of flaming; a leather armour; the human corpse of Eustachio Erolcha gestures at you while chanting.
The fireball explodes!
The fireball engulfs you! The fire burns you terribly!
You die...

...## #.# #..# ...# #.##
###..# ##### ..##
##..###....###§§§##
######
##............§§§§§# #
#...##....######..O§##§§#
##..........#
##..#####..#
P...##.###.## ##..##
..... .♣..... #.# ##.)##
#...##
.♣.P...###.####.@## ####
.....P..#...##..##
.P♣............##
P.....♣..##...##
.P....... #...##
.>!......###...#
..P....P..#Y...#
...P..........##
♣.............#


You could see Erolcha and a yak (wandering).

Vanquished Creatures
  Joseph (D:9)
  7 yaks
  A basilisk (D:9)
  A hill giant zombie (D:9)
  A hungry ghost (D:7)
  Eustachio (D:9)
  A hippogriff (D:9)
  Edmund (D:7)
  A water moccasin (D:6)
  3 porcupines
  The ghost of everene the Magician, an average DEWz of Sif Muna (D:4)
  3 black bears
  2 orc warriors
  2 phantoms
  A necrophage (D:9)
  2 ice beasts (D:6)
  4 centaurs
  5 ogres
  7 crocodiles
  Blork the orc (D:8)
  3 giant frogs
  A gnoll sergeant (D:6)
  7 killer bees
  A water moccasin zombie (D:6)
  4 scorpions
  A quasit (D:7)
  4 wights (D:8)
  4 hounds
  7 jellies
  5 orc priests
  4 crimson imps
  A two-headed ogre skeleton (D:7)
  3 iguanas
  5 worker ants
  6 orc wizards
  Ijyb (D:4)
  A sky beast zombie (D:9)
  A crocodile zombie (D:7)
  A worker ant zombie (D:9)
  9 gnolls
  13 adders
  2 green rats (D:9)
  A scorpion zombie (D:9)
  A worm (D:2)
  3 shadow imps
  5 giant geckos
  An ooze (D:7)
  49 orcs
  11 giant cockroaches
  10 goblins
  13 hobgoblins
  22 jackals
  16 kobolds
  5 quokkas
  13 bats
  7 giant newts
  A goblin skeleton (D:4)
  A hobgoblin zombie (D:6)
  A jackal zombie (D:10)
  2 kobold skeletons
  An orc skeleton (D:4)
  An orc zombie (D:10)
  17 rats
311 creatures vanquished.

Vanquished Creatures (others)
  A crocodile (D:9)
  An orc wizard (D:7)
  An orc skeleton (D:9)
  6 plants (D:9)
9 creatures vanquished.

Grand Total: 320 creatures vanquished

Notes
Turn   | Place    | Note
--------------------------------------------------------------
     0 | D:1      | Trogdor, the Mummy Monk, began the quest for the Orb.
     0 | D:1      | Reached XP level 1. HP: 18/18 MP: 1/1
   246 | D:1      | Reached XP level 2. HP: 22/24 MP: 2/2
   816 | D:1      | Reached XP level 3. HP: 27/29 MP: 3/3
  1736 | D:2      | Reached XP level 4. HP: 19/37 MP: 4/4
  2688 | D:2      | Reached skill level 4 in Fighting
  2748 | D:2      | Noticed Crazy Yiuf
  3186 | D:2      | Reached XP level 5. HP: 34/42 MP: 5/5
  4051 | D:3      | Found a shimmering altar of Xom.
  4051 | D:3      | Found a shimmering altar of Xom.
  4051 | D:3      | Found a shimmering altar of Xom.
  4053 | D:3      | Found a shimmering altar of Xom.
  4410 | D:4      | Noticed everene's ghost (average DEWz)
  4424 | D:4      | Reached XP level 6. HP: 36/49 MP: 6/6
  4543 | D:4      | Killed everene's ghost
  5714 | D:4      | Noticed Ijyb
  5753 | D:4      | Killed Ijyb
  5904 | D:4      | Noticed Sigmund
  5930 | D:4      | Reached XP level 7. HP: 53/55 MP: 7/7
  5954 | D:5      | Entered Level 5 of the Dungeon
  6341 | D:5      | Reached skill level 5 in Fighting
  7268 | D:6      | Found Yrorghar's Food Shop.
  7681 | D:6      | Reached skill level 1 in Armour
  7945 | D:6      | Reached skill level 5 in Unarmed Combat
  7945 | D:6      | Reached XP level 8. HP: 62/64 MP: 8/8
  8204 | D:6      | Reached skill level 5 in Dodging
  8665 | D:6      | Reached skill level 6 in Fighting
  8692 | D:6      | Found an iron altar of Okawaru.
  9619 | D:6      | Found a staircase to the Ecumenical Temple.
 10503 | D:7      | Noticed Edmund
 10561 | D:7      | Reached skill level 7 in Fighting
 10762 | D:7      | Killed Edmund
 10924 | D:7      | Reached XP level 9. HP: 56/72 MP: 9/9
 12628 | D:7      | Reached skill level 8 in Fighting
 14395 | D:8      | Noticed Blork the orc
 14577 | D:8      | Reached skill level 9 in Fighting
 15164 | D:8      | Killed Blork the orc
 16057 | D:6      | Reached XP level 10. HP: 48/83 MP: 10/10
 16988 | D:9      | Found a staircase to the Lair.
 17425 | D:9      | Noticed Joseph
 17443 | D:9      | Killed Joseph
 17687 | D:9      | HP: 4/85 [crocodile (10)]
 17761 | D:9      | Reached skill level 10 in Fighting
 20246 | D:10     | Entered Level 10 of the Dungeon
 20251 | D:10     | Found an iron altar of Okawaru.
 20833 | D:9      | Noticed Eustachio
 21004 | D:9      | Killed Eustachio
 21110 | D:9      | Noticed Erolcha
 21121 | D:9      | Killed from afar by Erolcha

Action                   |  1- 3 |  4- 6 |  7- 9 | 10-12 || total
-------------------------+-------+-------+-------+-------++-------
Melee: Unarmed           |   192 |   438 |  1067 |   511 ||  2208
  Use: Scroll            |     1 |     6 |     7 |     2 ||    16
 Stab: Sleeping          |     5 |     7 |     9 |     3 ||    24
       Distracted        |       |     1 |       |     1 ||     2
